AoeStats
← BenJames

Arena

506579751Analyzed
4v4 RM · 17d ago on Sep 14, 2026· 52m 29s· 8 players
Game mode
Random Map
Map size
Large (8 player)
Population
200
Speed
Normal
Resources
Standard
Victory
Conquest
Starting age
Dark Age
Ending age
Imperial Age
RankedLock teamsTeams togetherTeam positionsShared explorationLock speedFull tech treeHidden civsTurbo modeCheats
Victory
Defeat
🇦🇺 Japanese · Australia
1169
+11
🇺🇾 Teutons · Uruguay
1127
+28
🇩🇪 Georgians · Germany
1088
+14
🇦🇺 Celts · Australia
980
+18
🇨🇴 Turks · Colombia
1086
-16
🇦🇷 Aztecs · Argentina
1070
-15
1030
-13
🇨🇳 Poles · China
1007
-12
Joy Games Interactive
9:42 Feudal Age
10:48 Loom
10:51 Double-Bit Axe
14:00 Fletching
20:17 Horse Collar
BenJames
11:18 Feudal Age
11:20 Loom
17:26 Castle Age
17:16 Scale Mail Armor
18:08 Arson
18:27 Double-Bit Axe
19:46 Fletching
30:24 Wheelbarrow
35:14 Bodkin Arrow
38:39 Imperial Age
36:56 Forging
37:44 Bloodlines
37:35 Husbandry
38:10 Hand Cart
40:37 Imperial Age
42:59 Scale Barding Armor
44:07 Heavy Camel Rider
49:41 Horse Collar
50:18 Bow Saw
52:07 Two-Man Saw
52:05 Conscription
52:31 Hand Cart
52:20 Heavy Plow
高价回收北京御姐
10:48 Feudal Age
16:23 Castle Age
19:51 Loom
26:51 Padded Archer Armor
35:53 Imperial Age
36:24 Leather Archer Armor
36:59 Horse Collar
38:24 Double-Bit Axe
38:42 Gold Mining
41:08 Ring Archer Armor
40:12 Capped Ram
42:11 Fortified Wall
42:20 Fletching
44:08 Wheelbarrow
46:03 Masonry
46:27 Pikeman
47:07 Squires
48:36 Conscription
48:45 Halberdier
49:31 Bodkin Arrow
49:48 Stone Mining
51:37 Scale Mail Armor
51:47 Forging
52:22 Bow Saw
薛之谦
11:02 Feudal Age
15:57 Castle Age
14:01 Double-Bit Axe
15:33 Horse Collar
20:57 Bow Saw
20:49 Heavy Plow
25:20 Wheelbarrow
25:52 Town Watch
25:52 Loom
30:04 Imperial Age
27:53 Hand Cart
28:20 Town Patrol
28:32 Bloodlines
28:23 Husbandry
29:20 Szlachta Privileges
29:09 Gold Mining
29:29 Stone Mining
29:54 Light Cavalry
31:19 Stone Shaft Mining
31:07 Treadmill Crane
30:52 Cavalier
31:56 Conscription
31:56 Lechitic Legacy
33:01 Devotion
33:35 Forging
33:30 Scale Barding Armor
35:40 Iron Casting
35:25 Chain Barding Armor
39:14 Blast Furnace
38:34 Chain Barding Armor
38:16 Murder Holes
38:44 Ballistics
41:10 Chain Barding Armor
40:51 Padded Archer Armor
40:41 Fletching
42:39 Winged Hussar
44:36 Elite Obuch
46:28 Capped Ram
50:05 Fortified Wall
49:41 Arrowslits
50:07 Masonry
oxymoron
11:46 Feudal Age
15:42 Castle Age
14:10 Stone Mining
14:47 Double-Bit Axe
16:58 Wheelbarrow
17:36 Horse Collar
19:33 Heavy Plow
24:42 Hand Cart
24:16 Loom
29:27 Imperial Age
27:05 Town Watch
27:33 Scale Barding Armor
27:39 Forging
28:12 Town Patrol
29:26 Chain Barding Armor
29:45 Iron Casting
29:23 Masonry
29:27 Fortified Wall
29:36 Gold Mining
30:49 Plate Barding Armor
31:28 Conscription
33:03 Elite Monaspa
34:57 Blast Furnace
33:48 Fletching
40:51 Aznauri Cavalry
47:44 Bloodlines
47:35 Husbandry
53:00 Hoardings
Hispaniola
11:39 Feudal Age
10:39 Loom
16:10 Castle Age
14:10 Double-Bit Axe
14:29 Horse Collar
16:37 Wheelbarrow
19:31 Scale Mail Armor
19:49 Forging
19:56 Scale Barding Armor
21:02 Town Watch
23:44 Heavy Plow
24:10 Gold Mining
24:25 Stone Mining
25:26 Husbandry
27:25 Fletching
29:12 Scale Mail Armor
29:51 Iron Casting
30:33 Scale Mail Armor
32:31 Chain Barding Armor
32:07 Bodkin Arrow
33:31 Gold Shaft Mining
35:42 Imperial Age
33:50 Masonry
34:05 Ballistics
33:42 Murder Holes
37:48 Chemistry
36:52 Scale Mail Armor
37:53 Blast Furnace
36:21 Cavalier
36:37 Pikeman
37:20 Stronghold
37:50 Conscription
38:13 Chain Mail Armor
38:16 Paladin
39:55 Halberdier
42:23 Plate Mail Armor
42:03 Heavy Scorpion
46:06 Siege Engineers
50:18 Furor Celtica
Porkroll
11:38 Feudal Age
15:48 Castle Age
15:47 Forging
15:38 Scale Mail Armor
15:11 Man-at-Arms
17:27 Long Swordsman
23:43 Double-Bit Axe
27:19 Chain Mail Armor
31:33 Squires
32:51 Elite Skirmisher
34:41 Padded Archer Armor
34:31 Fletching
35:24 Pikeman
52:14 Wheelbarrow
抱抱狸
6:25 Loom
8:46 Feudal Age
9:33 Double-Bit Axe
10:19 Fletching
23:37 Castle Age
21:46 Horse Collar
24:36 Bow Saw
24:27 Heavy Plow
24:20 Gold Mining
24:51 Bodkin Arrow
25:14 Guard Tower
30:01 Ballistics
33:13 Wheelbarrow
33:05 Town Watch
36:23 Imperial Age
34:52 Hand Cart
37:11 Scale Barding Armor
36:42 Capped Ram
38:01 Crop Rotation
38:32 Two-Man Saw
37:06 Cavalier
38:32 Bloodlines
38:31 Paladin
40:08 Chain Barding Armor
39:58 Forging
41:37 Plate Barding Armor
43:23 Iron Casting
45:36 Blast Furnace
44:54 Stone Mining
46:44 Conscription
46:05 Elite Teutonic Knight
47:56 Scale Mail Armor
49:00 Chain Mail Armor
49:43 Squires
49:28 Arson
50:14 Plate Mail Armor
Connection lost

Rejoining the realm…

Still unreachable

The connection could not be restored.

Session expired

The server has moved on; the page needs a fresh start.